 Dungeon Crawl Stone Soup version 0.29.1-15-g9cfb28693d (webtiles) character file.

Game seed: 4106103641646105160

303 DemonSlayer the Digger (level 6, -2/42 HPs)
             Began as a Demonspawn Earth Elementalist on Feb 26, 2023.
             Shot with an arrow by a centaur (12 damage)
             ... on level 4 of the Dungeon.
             The game lasted 00:05:10 (3281 turns).

DemonSlayer the Digger (DsEE)                       Turns: 3281, Time: 00:05:12

Health: -2/42      AC:  2    Str: 10    XL:     6   Next: 15%
Magic:  11/12      EV: 12    Int: 16    God:
Gold:   101        SH:  0    Dex: 14    Spells: 7/13 levels left

rFire   . . .      SeeInvis .   l - +6 scimitar of Kenkuron {drain, Fly rPois}
rCold   . . .      Faith    .   (no shield)
rNeg    . . .      Spirit   .   a - +0 robe
rPois   +          Reflect  .   (helmet restricted)
rElec   .          Harm     .   (no cloak)
rCorr   +          Rampage  .   (no gloves)
Will    .....                   (no boots)
Stlth   ++........              (no amulet)
HPRegen 0.14/turn               b - ring of resist corrosion
MPRegen 0.13/turn               (no ring)

@: flying
A: antennae 1, spiny 1, weakness stinger 1, demonic touch 2
a: no special abilities


You were on level 4 of the Dungeon.
You visited 1 branch of the dungeon, and saw 4 of its levels.

You collected 101 gold pieces.

Inventory:

Hand Weapons
 l - the +6 scimitar of Kenkuron (weapon) {drain, Fly rPois}
   (You found it on level 2 of the Dungeon)

   A truly terrible weapon, it drains the life of any living foe it strikes.
   rPois:     It protects you from poison.
   Fly:       It grants you flight.
Missiles
 c - a throwing net
Armour
 a - a +0 robe (worn)
Jewellery
 b - a ring of resist corrosion (left hand)
Scrolls
 d - 2 scrolls of teleportation
 h - 3 scrolls of butterflies {unknown}
 m - a scroll of blinking {unknown}
 n - a scroll of identify
 p - a scroll of magic mapping
Potions
 e - a potion of might {unknown}
 f - a potion of cancellation
 g - a potion of mutation
 i - a potion of curing {unknown}
 j - 2 potions of berserk rage {unknown}
 k - a potion of heal wounds {unknown}
 o - a potion of lignification {unknown}


   Skills:
 + Level 0.4 Fighting
 + Level 0.7 Long Blades
 + Level 2.1 Dodging
 + Level 2.0 Stealth
 + Level 4.1 Spellcasting
 + Level 0.8 Transmutations
 + Level 4.6 Earth Magic


You had 7 spell levels left.
You knew the following spells:

 Your Spells              Type           Power      Damage    Failure   Level
a - Sandblast             Erth           36%        2d10      2%          1
b - Stone Arrow           Conj/Erth      20%        3d8       19%         3
c - Passwall              Tmut/Erth      10%        N/A       9%          2

Your spell library contained the following spells:

 Spells                   Type           Power      Damage    Failure   Level
 Gell's Gravitas          Tloc           3%         N/A       45%         3
 Teleport Other           Tloc           3%         N/A       45%         3
 Petrify                  Tmut/Erth      12%        N/A       47%         4
 Dispersal                Tloc           1%         N/A       100%        6


Dungeon Overview and Level Annotations

Branches:
Dungeon (4/15)
 Temple: D:4-7

Altars:
Fedhas

Shops:
D:1 *   D:2 *


Innate Abilities, Weirdness & Mutations

You have a pair of small antennae on your head.
You are partially covered in sharp spines.
You have a small tail.
Your touch may inflict irresistible damage on your foes.


Message History

You can't see any susceptible monsters within range! (Use Z to cast anyway.)
The blast of sand hits the goblin!
You kill the goblin!
The blast of sand hits the phantom!
The phantom is moderately damaged.
You closely miss the phantom. Your touch misses the phantom.
The phantom is moderately damaged.
The phantom completely misses you.
The blast of sand hits the phantom.
The phantom is heavily damaged.
The phantom closely misses you.
The blast of sand hits the phantom!
The phantom is severely damaged.
The phantom misses you. The phantom hits you.
The phantom blinks!
You blink.
Found a scroll of magic mapping.
The blast of sand hits the phantom!
You destroy the phantom!
Your Spellcasting skill increases to level 4!
You have reached level 6!
Your demonic ancestry asserts itself...
Sharp spines emerge from parts of your body.
HP restored.
p - a scroll of magic mapping An orc wizard comes into view.
It is wielding a +0 dagger.
The orc wizard shouts!
An orc wizard is nearby!
A centaur comes into view.
The centaur shouts!
The centaur wields a +0 shortbow.
The centaur shoots an arrow.
The arrow completely misses you.
The orc wizard gestures at you while chanting.
The magic dart hits you.
The centaur shoots an arrow.
The arrow hits you!
The blast of sand hits the centaur!
The centaur is heavily wounded.
The centaur shoots an arrow.
The arrow hits you! The orc wizard casts a spell at you.
The puff of flame hits you!
* * * LOW HITPOINT WARNING * * *
The centaur shoots an arrow.
The arrow hits you!
You die...

#################
...........c.....
.........@#
#..o....#
###...?.##
##.....# ###...##
##...# ##..##
##..## ##..##


You could see a centaur and an orc wizard.

Vanquished Creatures
  An ogre (D:4)
  A phantom (D:4)
  2 orc wizards (D:3)
  2 adders (D:3)
  A worm (D:2)
  A dart slug (D:3)
  4 orcs
  6 ball pythons
  4 bats (D:1)
  4 endoplasms
  4 giant cockroaches
  7 goblins
  4 hobgoblins
  4 jackals (D:1)
  2 kobolds
  4 quokkas
  4 frilled lizards
  5 rats
60 creatures vanquished.

Notes
Turn   | Place    | Note
-------+----------+-------------------------------------------
     0 | D:1      | DemonSlayer the Demonspawn Earth Elementalist began the
                  | quest for the Orb.
     0 | D:1      | Reached XP level 1. HP: 13/13 MP: 3/3
   190 | D:1      | Found a faded altar of an unknown god.
   287 | D:1      | Discovered your monstrous ancestry.
   287 | D:1      | Gained mutation: Your touch may inflict minor irresistible
                  | damage on your foes. [demonic ancestry]
   287 | D:1      | Reached XP level 2. HP: 12/19 MP: 1/5
  1132 | D:1      | Gained mutation: You have a pair of small antennae on your
                  | head. [demonic ancestry]
  1132 | D:1      | Reached XP level 3. HP: 24/24 MP: 4/6
  1224 | D:1      | Found Karooss's General Store.
  1377 | D:2      | Found Guomm's General Store.
  2038 | D:2      | Identified the +6 scimitar of Kenkuron {drain, Fly rPois}
  2170 | D:3      | Gained mutation: You have a small tail. [demonic ancestry]
  2170 | D:3      | Reached XP level 4. HP: 30/30 MP: 6/8
  2876 | D:3      | Learned a level 3 spell: Stone Arrow
  2879 | D:3      | Learned a level 2 spell: Passwall
  2931 | D:4      | Found a blossoming altar of Fedhas.
  2982 | D:4      | Noticed an ogre
  2987 | D:4      | Killed an ogre
  2988 | D:4      | Gained mutation: Your touch may inflict irresistible damage
                  | on your foes. [demonic ancestry]
  2988 | D:4      | Reached XP level 5. HP: 36/36 MP: 6/10
  3207 | D:4      | Noticed a phantom
  3214 | D:4      | Killed a phantom
  3215 | D:4      | Gained mutation: You are partially covered in sharp spines.
                  | [demonic ancestry]
  3215 | D:4      | Reached XP level 6. HP: 39/42 MP: 6/12
  3281 | D:4      | Shot with an arrow by a centaur

Illustrated notes

Levels and vault maps discovered:
D:1:      psy_arrival_radial01, layout_loops_ring, basic_ecumenical_altar,
          serial_shops, shop, minmay_splitting_lines
D:2:      layout_loops_ring, basic_altar, serial_shops,
          nicolae_shop_hallway_stairs, serial_glass, glass_columns_b,
          glass_columns_a, ebering_dispersal_statue_hall,
          uniq_crazy_yiuf_cottage
D:3:      layout_loops_ring
D:4:      minmay_thick_lines, layout_basic, lemuel_crystal_altar,
          minmay_temple_entry_enclosed_plants, st_stairs_8, uniq_ijyb

Skill      XL: |  1  2  3  4  5 |
---------------+----------------+-----
Earth Magic    | 3 4 |  4.6
Dodging        | 2 |  2.1
Spellcasting   | 3 4 |  4.1
Stealth        | 2 |  2.0
Fighting       | |  0.4
Long Blades    | |  0.7
Transmutations | |  0.8

Action                   |  1- 3 |  4- 6 || total
-------------------------+-------+-------++-------
Melee: Hand axe          |     9 |       ||     9
       Touch             |     3 |       ||     3
       Scimitar          |     4 |     8 ||    12
 Cast: Sandblast         |    46 |    30 ||    76
  Use: Potion            |     1 |       ||     1
       Scroll            |     6 |       ||     6
Armor: Robe              |     2 |     8 ||    10
Dodge: Dodged            |    17 |    22 ||    39
